 Dungeon Crawl Stone Soup version 0.31-a0-940-gdaa99269f9 (webtiles) character file.

Game seed: 10753557466871412392

58 kae the Chopper (level 4, -3/39 HPs)
             Began as a Hill Orc Fighter on Oct 20, 2023.
             Slain by a cerulean imp
             ... wielding a +2 spear
             ... summoned by Natasha
              (5 damage)
             ... on level 2 of the Dungeon.
             The game lasted 00:00:38 (714 turns).

kae the Chopper (Hill Orc Fighter)                   Turns: 714, Time: 00:00:39

Health: -3/39      AC:  6    Str: 20    XL:     4   Next: 1%
Magic:  4/4        EV:  9    Int:  8    God:
Gold:   50         SH:  4    Dex: 10    Spells: 3/3 levels left

rFire   . . .        a - +0 war axe
rCold   . . .        c - +0 buckler
rNeg    . . .        b - +0 scale mail
rPois   .            (no helmet)
rElec   .            (no cloak)
rCorr   .            (no gloves)
SInv    .            (no boots)
Will    .....        (no amulet) Stlth
                     (no ring)
HPRegen 0.26/turn    (no ring)
MPRegen 0.09/turn

%: no passive effects
@: no status effects
A: no striking features
a: no special abilities


You were on level 2 of the Dungeon.
You visited 1 branch of the dungeon, and saw 2 of its levels.

You collected 50 gold pieces.


   Skills:
 - Level 3.6 Fighting
 + Level 5.5 Axes
 - Level 3.2 Armour
 - Level 3.2 Shields


You had 3 spell levels left.
You didn't know any spells.
Your spell library was empty.

Inventory:

Hand Weapons
 a - a +0 war axe (weapon)
Missiles
 i - 3 javelins
 l - 6 stones
Armour
 b - a +0 scale mail (worn)
 c - a +0 buckler (worn)
Magical Staves
 g - a staff of conjuration {!a}
   (You found it on level 1 of the Dungeon)
Scrolls
 f - a scroll of teleportation {unknown}
 h - a scroll of summoning {unknown}
 k - a scroll of identify {unknown}
 m - a scroll of revelation {unknown}
Potions
 d - a potion of might
 e - 2 potions of enlightenment {unknown}
 j - a potion of brilliance {unknown}

Dungeon Overview and Level Annotations

Branches:
Dungeon (2/15) Zot: 11255

Altars:

Annotations:
D:2 Natasha

#.#.#####.#####.#
#.###.).#...........#
#...................#
#####..##.###########
#..##.# #..##.#
#..##.# #>.##5#
#..##@# #..##h#
#..##g. #..####. #<..
.. ##.# .. #.# ...
.##


You could see Natasha, a cerulean imp (summoned) and a goblin.


Message History

You slash the adder!
You kill the adder!
You feel sick. 😕 HP[-3]
You take 3 damage, and now have 26/31 hp.
You feel sick.
You now have 40 gold pieces (gained 8).
You feel sick.
You feel sick.
You feel sick.
You are no longer poisoned.
Natasha, Servant of Life and Death comes into view. 😎 HP[+5]
Your hp is fully restored (31).
Natasha stares at you and mumbles some strange words.
You feel yourself slow down. Natasha claws you. Natasha claws you!
You are too injured to fight recklessly! 😮 HP[-11]
You take 11 damage, and now have 20/31 hp.
MASSIVE DAMAGE!! (PAUSE) Unknown command.
You slash Natasha! Natasha claws you but does no damage. Natasha claws you!
* * * LOW HITPOINT WARNING * * *
😨 HP[-8]
You take 8 damage, and now have 12/31 hp.
MASSIVE DAMAGE!! (PAUSE)
You slash Natasha!
You kill Natasha!
Natasha yowls pathetically as she dies!
Your Axes skill increases to level 5!
You have reached level 4! 😨 HP[+4] MP[+1]
You now have 39 max hp (+8).
You regained 4 hp, and now have 16/39 hp.
Your mp is fully restored (4).
You see here the felid corpse of Natasha. 😨 HP[+1]
You feel yourself speed up.
Things that are here:
a +0 ring mail; a +0 leather armour You now have 50 gold pieces (gained 10).
Key pressed, stopping explore.
No target in view!
No target in view! 😕 HP[+21]
You regained 21 hp, and now have 38/39 hp.
Found a stone staircase leading down. 😎 HP[+1]
Your hp is fully restored (39).
No target in view!
No target in view!
You see here a +0 whip.
Found a stone staircase leading up.
No target in view!
No target in view!
l - 6 stones
m - a scroll labelled SIACKA KEJAWK No target in view!
No target in view!
Natasha, Servant of Life and Death comes into view.
Natasha hisses angrily.
A goblin comes into view. It is wielding a +0 dagger.
Natasha casts a spell.
You closely miss the cerulean imp. You hit Natasha but do no damage.
Natasha claws you.
The cerulean imp hits you with a +2 spear. 😕 HP[-7]
You take 7 damage, and now have 32/39 hp.
There are monsters nearby!
You closely miss the cerulean imp. You barely miss Natasha. Natasha claws you.
The cerulean imp hits you with a +2 spear.
You are too injured to fight recklessly! 😮 HP[-6]
You take 6 damage, and now have 26/39 hp.
There are monsters nearby!
You are too injured to fight recklessly!
You are too injured to fight recklessly!
There are monsters nearby!
Unknown command.
You barely miss Natasha. You closely miss the cerulean imp. Natasha claws you.
The cerulean imp hits you but does no damage.
Natasha claws you.
* * * LOW HITPOINT WARNING * * *
😨 HP[-7]
You take 7 damage, and now have 19/39 hp.
You closely miss Natasha. You barely miss the cerulean imp.
The cerulean imp hits you with a +2 spear.
* * * LOW HITPOINT WARNING * * *
Natasha stares at you and mumbles some strange words.
The magic dart hits you!
* * * LOW HITPOINT WARNING * * *
You block the cerulean imp's attack.
Unknown command. 😱 HP[-11]
You take 11 damage, and now have 8/39 hp.
MASSIVE DAMAGE!! (PAUSE)
You miss Natasha. You hit the cerulean imp. Natasha claws you!
* * * LOW HITPOINT WARNING * * *
The cerulean imp hits you with a +2 spear.
You die...

Skill      XL: |  1  2  3 |
---------------+----------+-----
Axes           | 3 4 5 |  5.5
Fighting       | |  3.6
Armour         | |  3.2
Shields        | |  3.2

Action                     |  1- 3 |  4- 6 || total
---------------------------+-------+-------++-------
  Melee: War axe           |    57 |     5 ||    62
 Armour: Scale mail        |    54 |    11 ||    65
  Dodge: Dodged            |    32 |       ||    32
  Block: Buckler           |    12 |     1 ||    13

Levels and vault maps discovered:
D:1:      onia_arrival_mini_spirals, layout_rooms
D:2:      layout_loops_ring, minmay_misc_feat_plants, uniq_natasha

Notes
Turn   | Place    | Note
-------+----------+-------------------------------------------
     0 | D:1      | kae the Hill Orc Fighter began the quest for the Orb.
     0 | D:1      | Reached XP level 1. HP: 19/19 MP: 1/1
     0 | D:1      | magus.rc [v1.11.3]
    50 | D:1      | Reached skill level 3 in Axes
    75 | D:1      | Reached XP level 2. HP: 26/26 MP: 2/2
   128 | D:1      | Reached skill level 4 in Axes
   128 | D:1      | HP: 6/26 [jackal (1)]
   463 | D:1      | Reached XP level 3. HP: 30/31 MP: 3/3
   589 | D:2      | Noticed Natasha
   594 | D:2      | Killed Natasha
   595 | D:2      | Reached skill level 5 in Axes
   595 | D:2      | Reached XP level 4. HP: 16/39 MP: 4/4
   708 | D:2      | Noticed Natasha
   713 | D:2      | HP: 8/39 [Natasha/magic dart (8)]
   714 | D:2      | HP: 2/39 [Natasha (7)]
   714 | D:2      | Slain by a cerulean imp

Vanquished Creatures
  Natasha (D:2)
  An adder (D:2)
  3 bats (D:1)
  3 endoplasms (D:1)
  A giant cockroach (D:1)
  2 hobgoblins (D:1)
  4 jackals (D:1)
  2 kobolds (D:1)
  A quokka (D:1)
  A ball python (D:1)
  A frilled lizard (D:1)
  2 rats (D:1)
22 creatures vanquished.

Table legend:
 A = Non-vault XP
 B = Vault XP
 C = Vault XP percentage of total XP
 D = Non-vault monster count
 E = Vault monster count
 F = Vault count percentage of total count
                 A         B        C        D         E       F
            +---------+---------+-------+---------+---------+-------
      Total |      48 |      35 |  42.2 |      21 |       1 |   4.5
            +---------+---------+-------+---------+---------+-------
        D:1 |      35 |       0 |   0.0 |      20 |       0 |   0.0
        D:2 |      13 |      35 |  72.9 |       1 |       1 |  50.0
            +---------+---------+-------+---------+---------+-------

Skill      XL: |  1  2  3 |
---------------+----------+-----
Axes           | 3 4 5 |  5.5
Fighting       | |  3.6
Armour         | |  3.2
Shields        | |  3.2

Action                     |  1- 3 |  4- 6 || total
---------------------------+-------+-------++-------
  Melee: War axe           |    57 |     5 ||    62
 Armour: Scale mail        |    54 |    11 ||    65
  Dodge: Dodged            |    32 |       ||    32
  Block: Buckler           |    12 |     1 ||    13

Illustrated notes

Table legend:
 A = Kills in this place as a percentage of kills in the entire game.
 B = Kills by you in this place as a percentage of kills by you in the entire game.
 C = Kills by friends in this place as a percentage of kills by friends in the entire game.
 D = Other kills in this place as a percentage of other kills in the entire game.
 E = Experience gained in this place as a percentage of experience gained in the entire game.
 F = Experience gained in this place divided by the number of levels of this place that you have seen.
                   A       B       C       D       E      F
               +-------+-------+-------+-------+-------+----------------------
         Total | 100.0 | 100.0 |   N/A |   N/A | 100.0 |  41.5
       Dungeon | 100.0 | 100.0 |   N/A |   N/A | 100.0 |  41.5
               +-------+-------+-------+-------+-------+----------------------

Table legend: (Time is in decaauts)
 A = Elapsed time spent in this place.
 B = Non-inter-level travel time spent in this place.
 C = Inter-level travel time spent in this place.
 D = Time resting spent in this place.
 E = Time spent auto-exploring this place.
 F = Levels seen in this place.
 G = Mean time per level.
                   A        B        C        D        E       F      G
               +--------+--------+--------+--------+--------+-----+--------+
         Total |    743 |    736 |      7 |     59 |    535 |   2 |  371.5 |
       Dungeon |    743 |    736 |      7 |     59 |    535 |   2 |  371.5 |
               +--------+--------+--------+--------+--------+-----+--------+

Top non-repeatable levels by time:
     D:1: 552 daAuts
     D:2: 191 daAuts
